 Dungeon Crawl Stone Soup version 0.26-b1-32-g5d43845318 (webtiles) character file.

Game seed: 3594896486145029680

49 Borgoz the Skirmisher (level 3, -7/24 HPs)
             Began as a Gargoyle Berserker on Jan 11, 2021.
             Was a Believer of Trog.
             Engulfed by a cloud of flame (9 damage)
             ... on level 2 of the Dungeon.
             The game lasted 00:01:20 (1575 turns).

Borgoz the Skirmisher (Gargoyle Berserker)          Turns: 1575, Time: 00:01:20

Health: -7/24      AC:  7    Str: 20    XL:     3   Next: 75%
Magic:  3/3        EV: 12    Int:  7    God:    Trog [**....]
Gold:   70         SH:  0    Dex: 10    Spells: 2/2 levels left

rFire    . . .     SeeInvis .   b - -2 whip (curse)
rCold    . . .     Faith    .   (no shield)
rNeg     + . .     Spirit   .   i - +0 leather armour (curse)
rPois    ∞         Reflect  .   h - +0 helmet
rElec    +         Harm     .   (no cloak)
rCorr    .         Rampage  .   (no gloves)
Will     .....                  (no boots)
Stlth    +.........             (no amulet)
HPRegen  0.08/turn              (no ring)
MPRegen  0.08/turn              (no ring)

@: no status effects
A: negative energy resistance 1, electricity resistance, unbreathing,
petrification resistance, miasma immunity, AC +3
a: Renounce Religion, Berserk, Trog's Hand


You were on level 2 of the Dungeon.
You worshipped Trog.
Trog was pleased with you.
You visited 1 branch of the dungeon, and saw 2 of its levels.

You collected 70 gold pieces.

Inventory:

Hand Weapons
 a - a +0 mace
 b - a cursed -2 whip (weapon)
Armour
 h - a +0 helmet (worn)
 i - a cursed +0 leather armour (worn)
Scrolls
 c - 2 scrolls of magic mapping
Potions
 d - a potion of invisibility {unknown}
 f - a potion of heal wounds {unknown}
 g - a potion of flight {unknown}


   Skills:
 + Level 3.7 Fighting
 * Level 3.7 Maces & Flails
 + Level 2.7 Armour
 + Level 2.0 Dodging


You had 2 spell levels left.
You didn't know any spells.
Your spell library was empty.

Dungeon Overview and Level Annotations

Branches:
Dungeon (2/15)

Altars:


Innate Abilities, Weirdness & Mutations

You are resistant to torment.
Your stone body is resilient. (AC +3)
You are immune to poison.
You resist negative energy. (rN+)
You are resistant to electric shocks. (rElec)
You can survive without breathing.
You are immune to petrification.
You are immune to miasma.


Message History

Things that are here:
a +0 club; a hobgoblin corpse You miss the bat.
The bat hits you but does no damage.
You closely miss the bat. The bat barely misses you.
The bat closely misses you. The bat misses you.
As you read the scroll labelled OZU FYV XOSSARI, it crumbles to dust.
The creatures around you are filled with an inner flame!
It was a scroll of immolation.
The bat completely misses you.
You miss the bat. The bat misses you.
You barely miss the bat. The bat closely misses you.
The bat closely misses you. The bat hits you but does no damage.
You hit the bat. Trog accepts your kill.
The bat explodes!
The fiery explosion engulfs you!!
Ouch! That really hurt!
* * * LOW HITPOINT WARNING * * *
You are engulfed in blazing flames.
You die...

#. ##. ..
#..## #...# #
#.#.# .#
#.#.##.###.#
##...§§.....#
#....@.§##..#
#.##)##§##..#
# #..$......
#<....#.##
#..<....#
#.##.......
...? ..#.###
###.. .....#
### ..#$..


There were no monsters in sight!

Vanquished Creatures
  A gnoll (D:1)
  2 dart slugs (D:1)
  7 hobgoblins
  3 jackals (D:1)
  A ball python (D:2)
  5 bats
  A frilled lizard (D:1)
  4 kobolds (D:1)
  14 rats (D:1)
38 creatures vanquished.

Notes
Turn   | Place    | Note
-------+----------+-------------------------------------------
     0 | D:1      | Borgoz the Gargoyle Berserker began the quest for the Orb.
     0 | D:1      | Reached XP level 1. HP: 14/14 MP: 1/1
   444 | D:1      | Reached XP level 2. HP: 15/19 MP: 2/2
  1144 | D:1      | Reached XP level 3. HP: 23/23 MP: 3/3
  1254 | D:1      | Reached ** piety under Trog
  1575 | D:2      | Engulfed by a cloud of flame

Illustrated notes

Levels and vault maps discovered:
D:1:      tarquinn_simple_flora_water_b, layout_basic, minmay_rat_gold_closets
D:2:      layout_loops_cross, uniq_sigmund

Skill      XL: |  1  2  3 |
---------------+----------+-----
Dodging        | 2 |  2.0
Fighting       | |  3.7
Maces & Flails | |  3.7
Armour         | |  2.7

Action                   || total
-------------------------++-------
Melee: Mace              ||    55
       Whip              ||    65
Invok: Berserk           ||     1
  Use: Scroll            ||     3
Armor: Animal skin       ||    14
       Leather armour    ||    32
Dodge: Dodged            ||    87
